 Dungeon Crawl Stone Soup version 0.29-a0-284-gf9362112df (webtiles) character file.

Game seed: 15613693714566858482

7 sammy202020 the Skirmisher (level 1, 0/27 HPs)
             Began as a Demonspawn Berserker on Mar 21, 2022.
             Was a Follower of Trog.
             Slain by a rat (1 damage)
             ... on level 1 of the Dungeon.
             The game lasted 00:00:15 (201 turns).

sammy202020 the Skirmisher (Demonspawn Berserker)    Turns: 201, Time: 00:00:16

Health: 0/27       AC:  2    Str: 17    XL:     1   Next: 91%
Magic:  1/1        EV:  9    Int:  8    God:    Trog [*.....]
Gold:   0          SH:  0    Dex: 12    Spells: 0/0 levels left

rFire   . . .      SeeInvis .   a - +0 mace
rCold   . . .      Faith    .   (no shield)
rNeg    . . .      Spirit   .   b - +0 animal skin
rPois   .          Reflect  .   (no helmet)
rElec   .          Harm     .   (no cloak)
rCorr   .          Rampage  .   (no gloves)
Will    .....                   (no boots)
Stlth   ..........              (no amulet)
HPRegen 0.09/turn               (no ring)
MPRegen 0.07/turn               (no ring)

@: berserking, constricted, very quick
A: no striking features
a: Renounce Religion, Berserk


You were on level 1 of the Dungeon.
You worshipped Trog.
Trog was aware of your devotion.
You visited 1 branch of the dungeon, and saw 1 of its levels.

Inventory:

Hand Weapons
 a - a +0 mace (weapon)
Armour
 b - a +0 animal skin (worn)
Potions
 c - a potion of lignification {unknown}


   Skills:
 * Level 3.1 Fighting
 * Level 2.8 Maces & Flails
 * Level 2.0 Armour
 + Level 1.8 Dodging


You couldn't memorise any spells.
You didn't know any spells.
Your spell library was empty.

Dungeon Overview and Level Annotations

Branches:
Dungeon (1/15)

Altars:


Message History

Your Armour skill increases to level 2!
You closely miss the ball python. The ball python barely misses you.
The ball python completely misses you. The ball python bites you.
The ball python grabs you. The ball python constricts you.
The ball python closely misses you. The ball python constricts you.
The ball python bites you.
You hit the ball python.
You kill the ball python!
Trog accepts your kill. The ball python bites you. The ball python grabs you.
The ball python constricts you. The ball python closely misses you.
The ball python constricts you.
* * * LOW HITPOINT WARNING * * *
You are too injured to fight recklessly!
You are too injured to fight recklessly!
You are too injured to fight recklessly!
You are too injured to fight recklessly!
You are too injured to fight recklessly!
You are too injured to fight recklessly!
You are too injured to fight recklessly!
You are too injured to fight recklessly!
You are too injured to fight recklessly!
You are too injured to fight recklessly!
You are too injured to fight recklessly!
You are too injured to fight recklessly!
You hit the ball python but do no damage.
The ball python barely misses you. The ball python constricts you.
You closely miss the ball python. The ball python bites you.
* * * LOW HITPOINT WARNING * * *
The ball python constricts you.
A red film seems to cover your vision as you go berserk!
You feel yourself moving faster!
You feel mighty! The ball python bites you.
* * * LOW HITPOINT WARNING * * *
The ball python constricts you.
* * * LOW HITPOINT WARNING * * *
The rat closely misses you. The ball python bites you.
* * * LOW HITPOINT WARNING * * *
The ball python constricts you.
You closely miss the ball python. The rat bites you.
You die...

.....# #....####
...#.# #.......#
...#.#########.....#
.#.#......†........#
.#..........###....#
.....##.###.# #....#
..........#.# #....#
..##.##.#.#.# #....#
..#.....#.#.# #.@r.#
..#.##### #.#
#.S....# ..#. #.#
#..#.#.... .... #.#
.....#.#.# ....
#.##...... . . ...
......#. # ##.....
.. ##.#### ##


You could see a ball python and a rat.

Vanquished Creatures
  4 ball pythons (D:1)
  An endoplasm (D:1)
  A quokka (D:1)
  A rat (D:1)
7 creatures vanquished.

Notes
Turn   | Place    | Note
-------+----------+-------------------------------------------
     0 | D:1      | sammy202020 the Demonspawn Berserker began the quest for
                  | the Orb.
     0 | D:1      | Reached XP level 1. HP: 18/18 MP: 1/1
   200 | D:1      | HP: 1/27 [ball python (1)]
   201 | D:1      | Slain by a rat

Illustrated notes

Levels and vault maps discovered:
D:1:      lordsloth_arrival_two_stooges, layout_basic, kennysheep_nondescript,
          chequers_mini_garden

Skill      XL: |  1 |
---------------+----+-----
Armour         | 2 |  2.0
Fighting       | |  3.1
Maces & Flails | |  2.8
Dodging        | |  1.8

Action                   || total
-------------------------++-------
Melee: Mace              ||    23
Invok: Berserk           ||     1
Armor: Animal skin       ||     4
Dodge: Dodged            ||    32

Table legend: (Time is in decaauts)
 A = Elapsed time spent in this place.
 B = Non-inter-level travel time spent in this place.
 C = Inter-level travel time spent in this place.
 D = Time resting spent in this place.
 E = Time spent auto-exploring this place.
 F = Levels seen in this place.
 G = Mean time per level.
                   A        B        C        D        E       F      G
               +--------+--------+--------+--------+--------+-----+--------+
         Total |    206 |    206 |      0 |      0 |    159 |   1 |  206.0 |
       Dungeon |    206 |    206 |      0 |      0 |    159 |   1 |  206.0 |
               +--------+--------+--------+--------+--------+-----+--------+

Top non-repeatable levels by time:
     D:1: 206 daAuts
